 Dungeon Crawl Stone Soup version 0.29-a0-577-gafbf2c5d25 (webtiles) character file.

Game seed: 3589205680598644164

2935 DocClef the Covert (level 9, -2/66 HPs)
             Began as a Black Draconian Delver on June 13, 2022.
             Was a Priest of Hepliaklqana.
             Killed from afar by Erica (18 damage)
             ... with a bolt of poison
             ... on level 8 of the Dungeon.
             The game lasted 00:11:44 (8392 turns).

DocClef the Covert (Black Draconian Delver)         Turns: 8392, Time: 00:11:45

Health: -2/66      AC:  8    Str: 15    XL:     9   Next: 51%
Magic:  9/9        EV: 12    Int: 15    God:    Hepliaklqana [***...]
Gold:   331        SH: 10    Dex: 16    Spells: 8/8 levels left

rFire   . . .      SeeInvis +   m - +11 dagger of Gallantry {vorpal, Int+4}
rCold   . . .      Faith    .   H - +0 kite shield
rNeg    . . .      Spirit   .   (body armour unavailable)
rPois   .          Reflect  .   (helmet restricted)
rElec   +          Harm     .   (no cloak)
rCorr   +          Rampage  .   x - +0 pair of gloves
Will    .....                   (no boots)
Stlth   ++++......              (no amulet)
HPRegen 0.21/turn               F - ring of resist corrosion
MPRegen 0.11/turn               I - ring of see invisible

@: lethally poisoned (-2 -> -23), studying Unarmed Combat
A: reduced essence, breathe lightning, AC +7, unfitting armour, electricity
resistance, cold-blooded
a: Breathe Lightning, Renounce Religion, Recall Ancestor, Ancestor Identity,
Transference


You were on level 8 of the Dungeon.
You worshipped Hepliaklqana.
Hepliaklqana was most pleased with you.
You visited 2 branches of the dungeon, and saw 9 of its levels.

You collected 457 gold pieces.
You spent 126 gold pieces at shops.

Inventory:

Hand Weapons
 a - a +0 short sword
 m - the +11 dagger of Gallantry (weapon) {vorpal, Int+4}
   (You found it on level 3 of the Dungeon)

   It inflicts extra damage upon your enemies.
   Int:       It affects your intelligence (+4).
 r - a +2 dagger of electrocution
Armour
 x - a +0 pair of gloves (worn)
 H - a +0 kite shield (worn)
Jewellery
 F - a ring of resist corrosion (left hand)
 I - a ring of see invisible (right hand)
 J - a +6 ring of intelligence
Wands
 f - a wand of digging (3)
 g - a wand of flame (20)
 B - a wand of mindburst (17)
 E - a wand of acid (9)
 G - a wand of paralysis (6)
Scrolls
 b - 5 scrolls of fog
 c - 3 scrolls of magic mapping
 d - 2 scrolls of fear
 h - 7 scrolls of identify {unknown}
 i - 2 scrolls of enchant weapon {unknown}
 n - 2 scrolls of noise {unknown}
 o - a scroll of immolation {unknown}
 p - 3 scrolls of blinking
 q - 6 scrolls of teleportation
 t - a scroll of torment {unknown}
 y - a scroll of amnesia {unknown}
 C - 4 scrolls of vulnerability {unknown}
Potions
 e - 4 potions of haste
 j - 2 potions of brilliance
 k - a potion of might {unknown}
 l - a potion of berserk rage {unknown}
 s - 4 potions of degeneration {unknown}
 u - a potion of magic {unknown}
 v - 2 potions of mutation {unknown}
 w - a potion of flight {unknown}
 z - 2 potions of lignification {unknown}
 A - 3 potions of curing {unknown}
 D - a potion of cancellation {unknown}


   Skills:
 - Level 5.5 Fighting
 - Level 6.6 Short Blades
 - Level 4.2 Dodging
 - Level 9.6 Stealth
 + Level 5.1 Shields


You had 8 spell levels left.
You didn't know any spells.
Your spell library contained the following spells:

 Spells                   Type           Power      Damage    Failure   Level
 Apportation              Tloc           0%         N/A       58%         1
 Necrotize                Necr           0%         1d4       58%         1
 Summon Small Mammal      Summ           0%         N/A       58%         1
 Ignite Poison            Fire/Tmut/Pois 0%         N/A       92%         3
 Mephitic Cloud           Conj/Pois/Air  0%         N/A       92%         3
 Portal Projectile        Hex/Tloc       0%         N/A       92%         3
 Tukima's Dance           Hex            0%         N/A       92%         3
 Blade Hands              Tmut           0%         N/A       100%        5
 Freezing Cloud           Conj/Ice/Air   0%         6-21      100%        5


Dungeon Overview and Level Annotations

Branches:
Dungeon (8/15)             Temple (1/1) D:4
   Lair: D:8-11

Altars:
Ashenzari
Elyvilon
Fedhas
Gozag
Hepliaklqana
Kikubaaqudgha
Makhleb
Okawaru
Qazlal
Ru
Sif Muna
Trog
Uskayaw
Vehumet
Xom
Yredelemnul
Zin
The Shining One

Shops:
D:4 ?   D:6 *   D:7 (

Annotations:
D:8 Erica, Pikel


Innate Abilities, Weirdness & Mutations

Your life essence is reduced to manifest your ancestor. (-10% HP)
You can breathe wild blasts of lightning.
Your glossy black scales are hard. (AC +7)
You cannot fit into any form of body armour.
You are resistant to electric shocks. (rElec)
You are cold-blooded and may be slowed by cold attacks.


Message History

You hit Erica.
Erica is moderately wounded.
Erica hits you with a +2 scimitar of flaming!
Erica burns you.
You hit Erica but do no damage.
Erica is moderately wounded.
You block Erica's attack.
You puncture Erica!
Erica is heavily wounded.
Erica hits you with a +2 scimitar of flaming!
Erica burns you.
You hit Erica but do no damage.
Erica is heavily wounded.
Erica casts a spell at you. The bolt of poison hits you!
You are poisoned.
You are too injured to fight recklessly!
Unknown command.
You puncture Erica!
Erica is severely wounded.
You feel sick.
Unknown command.
You closely miss Erica. You tail-slap Erica.
Erica is severely wounded.
You feel sick. Erica barely misses you.
Unknown command.
You closely miss Erica.
Erica is severely wounded.
You feel sick. Erica hits you but does no damage.
Unknown command.
You completely miss Erica.
Erica is severely wounded.
You feel sick.
Erica mumbles some strange words.
Erica flickers and vanishes for a moment.
Erica attacks as you move away! Erica barely misses you.
You feel sick. Erica casts a spell at you. The bolt of poison hits you!!
You are lethally poisoned!
You die...

##.#. #........#.# .
#..........## ..
###.......#...# ####..#
...........#..####......#
#.......................
#...........).@.@.####
#.......#...))#<#.....
#.........#.)))R....?..
#.......#.#.#.#########
##.#.###....#.# #.#.#
#.#.##.# #...# #>#.##.#
###..## #...##.# #....#
#..###..


You could see the friendly Xiloxoch the hexer and Erica (invisible, ally
target).

Vanquished Creatures
  Prince Ribbit (D:5)
  A wyvern (D:7)
  An orc warrior (D:6)
  2 sky beasts (D:7)
  A black bear (D:6)
  An ice beast (D:6)
  2 phantoms (D:5)
  A kobold brigand (D:7)
  A lemure (D:8)
  A necrophage (D:6)
  A bullfrog (D:7)
  3 gnoll sergeants
  2 scorpions
  6 wights
  A howler monkey (D:7)
  3 jellies
  4 hounds
  2 orc priests
  2 gnoll shamans
  An iron imp (D:6)
  3 iguanas
  2 orc wizards
  Robin (D:2)
  15 gnolls
  10 adders
  A shadow imp (D:7)
  3 ufetubi
  4 worms
  4 dart slugs
  15 orcs
  2 bats
  4 endoplasms
  3 giant cockroaches
  15 hobgoblins
  11 kobolds
  7 quokkas
  9 ball pythons
  2 frilled lizards (D:1)
  25 goblins
  A goblin zombie (D:6)
  3 hobgoblin zombies (D:6)
  A kobold skeleton (D:6)
  A kobold zombie (D:6)
  2 orc zombies (D:6)
  4 rats
185 creatures vanquished.

Vanquished Creatures (collateral kills)
  A bullfrog (D:7)
  A gnoll sergeant (D:8)
  An orc priest (D:5)
  7 gnolls
  A white imp (D:5)
  2 orcs (D:5)
  3 kobolds (D:7)
  A goblin skeleton (D:6)
17 creatures vanquished.

Vanquished Creatures (others)
  A hexer (D:8)
1 creature vanquished.

Grand Total: 203 creatures vanquished

Notes
Turn   | Place    | Note
-------+----------+-------------------------------------------
     0 | D:5      | DocClef the Draconian Delver began the quest for the Orb.
     0 | D:5      | Reached XP level 1. HP: 19/19 MP: 1/1
     5 | D:5      | Noticed a hound
    27 | D:5      | Killed a hound
    28 | D:5      | Reached skill level 5 in Stealth
    28 | D:5      | Reached XP level 2. HP: 6/26 MP: 2/2
    28 | D:5      | Reached XP level 3. HP: 7/31 MP: 3/3
   314 | D:6      | Noticed a black bear
   417 | D:5      | Noticed a scorpion
   452 | D:5      | Noticed a phantom
   471 | D:5      | Killed a phantom
   472 | D:5      | Reached XP level 4. HP: 28/40 MP: 4/4
   762 | D:4      | Reached skill level 6 in Stealth
   762 | D:4      | Reached XP level 5. HP: 15/46 MP: 5/5
  1151 | D:4      | Found a staircase to the Ecumenical Temple.
  1182 | Temple   | Entered the Ecumenical Temple
  1537 | Temple   | Became a worshipper of Hepliaklqana the Forgotten
  1653 | D:3      | Found a stormy altar of Qazlal.
  1714 | D:3      | Reached XP level 6. HP: 36/52 MP: 6/6
  1827 | D:3      | Identified the +11 dagger of Gallantry {vorpal, Int+4}
  2001 | D:3      | Found a shimmering blue altar of Sif Muna.
  2055 | D:3      | Found a glowing silver altar of Zin.
  2055 | D:3      | Found an opulent altar of Gozag.
  2570 | D:2      | Noticed Robin
  2584 | D:2      | Killed Robin
  2789 | D:2      | Reached * piety under Hepliaklqana
  3622 | D:1      | Found a faded altar of an unknown god.
  4526 | D:4      | Reached skill level 7 in Stealth
  4534 | D:4      | Reached ** piety under Hepliaklqana
  4535 | D:4      | Remembered your ancestor Xiloxoch as a hexer
  4817 | D:4      | Your scales start taking on a glossy black colour.
  4817 | D:4      | Reached XP level 7. HP: 54/54 MP: 7/7
  4817 | D:4      | Gained mutation: You are resistant to electric shocks.
                  | (rElec) [Black Draconian growth]
  5046 | D:4      | Found Juyj's Magic Scroll Shop.
  5189 | D:4      | Bought a scroll of blinking for 90 gold pieces
  5189 | D:4      | Bought a scroll of teleportation for 36 gold pieces
  5216 | D:5      | Noticed Prince Ribbit
  5234 | D:5      | Killed Prince Ribbit
  5313 | D:5      | Reached skill level 8 in Stealth
  5578 | D:5      | Reached XP level 8. HP: 60/60 MP: 8/8
  5728 | D:5      | Found a sacrificial altar of Ru.
  5876 | D:6      | Found a glowing golden altar of the Shining One.
  5929 | D:6      | Reached skill level 5 in Short Blades
  6071 | D:6      | Reached skill level 5 in Fighting
  6269 | D:6      | Found Atuil's Assorted Antiques.
  6384 | D:7      | Reached skill level 9 in Stealth
  6545 | D:7      | Reached XP level 9. HP: 27/66 MP: 9/9
  6838 | D:7      | Reached *** piety under Hepliaklqana
  7328 | D:7      | Found Pueber's Antique Weapon Shop.
  7359 | D:7      | Reached skill level 1 in Shields
  7723 | D:8      | Noticed Erica
  7730 | D:8      | Noticed Pikel
  8128 | D:8      | Reached skill level 5 in Shields
  8392 | D:8      | Killed from afar by Erica

Illustrated notes

Levels and vault maps discovered:
D:1:      lemuel_arrival_lava_pool, layout_loops_corners,
          ebering_ecumenical_altar_abandoned, minmay_misc_feat_cross
D:2:      minmay_angry_zag, layout_basic, minmay_misc_feat_four_crosses,
          guppyfry_early_orc_mine, uniq_robin
D:3:      layout_loops_ring, grunt_temple_overflow_gold_and_silver,
          overflow_temple_1_default, mainiacjoe_overflow_alcove_4, minivault_27
D:4:      layout_basic, minmay_temple_entry_slanted, serial_shops,
          kennysheep_little_box, minmay_manual_mail
D:5:      layout_rooms, nicolae_ru_path_of_blood, kennysheep_donut,
          uniq_prince_ribbit1
D:6:      layout_basic, nicolae_tso_besieged_by_evil, serial_shops,
          nicolae_shop_temple_entry_statues_fountains,
          hangedman_abyss_or_decor_stabs
D:7:      layout_gridville, serial_shops, nicolae_shop_hallway_plus,
          serial_glass, glass_columns_b, glass_columns_a, feat_on_display
D:8:      layout_rooms, uniq_pikel, uniq_erica, uniq_maggie
Temple:   minmay_temple_forest_path

Skill      XL: |  1  2  3  4  5  6  7  8  9 |
---------------+----------------------------+-----
Stealth        | 5 6 7 8 9 |  9.6
Dodging        | 2 3 4 |  4.2
Fighting       | 4 5 |  5.5
Short Blades   | 3 4 6 |  6.6
Shields        | 5 |  5.1

Action                   |  1- 3 |  4- 6 |  7- 9 || total
-------------------------+-------+-------+-------++-------
Melee: Short sword       |    44 |    81 |       ||   125
       Tailslap          |     4 |    22 |    32 ||    58
       Punch             |     1 |     1 |     1 ||     3
       Dagger            |       |   131 |   202 ||   333
Invok: Ancestor Life: He |       |     1 |       ||     1
       Recall Ancestor   |       |       |     1 ||     1
  Use: Potion            |       |     1 |       ||     1
 Stab: Sleeping          |     1 |    29 |     4 ||    34
       Confused          |       |       |     6 ||     6
       Distracted        |       |       |     4 ||     4
Armor: Skin              |    12 |    53 |    35 ||   100
Dodge: Dodged            |    37 |   101 |    90 ||   228
Block: Kite shield       |       |       |    33 ||    33

Table legend: (Time is in decaauts)
 A = Elapsed time spent in this place.
 B = Non-inter-level travel time spent in this place.
 C = Inter-level travel time spent in this place.
 D = Time resting spent in this place.
 E = Time spent auto-exploring this place.
 F = Levels seen in this place.
 G = Mean time per level.
                   A        B        C        D        E       F      G
               +--------+--------+--------+--------+--------+-----+--------+
         Total |   8333 |   7990 |    343 |   1069 |   5631 |   9 |  925.9 |
       Dungeon |   7940 |   7664 |    276 |   1069 |   5319 |   8 |  992.5 |
        Temple |    392 |    325 |     67 |      0 |    312 |   1 |  392.0 |
               +--------+--------+--------+--------+--------+-----+--------+

Top non-repeatable levels by time:
     D:4: 1321 daAuts
     D:6: 1143 daAuts
     D:7: 1128 daAuts
     D:2: 1110 daAuts
     D:5: 947 daAuts
     D:1: 905 daAuts
     D:3: 799 daAuts
     D:8: 585 daAuts
  Temple: 392 daAuts
